AoeStats
← Nuttergirl96

MegaRandom

509412390Analyzed
3v3 RM · 7d ago on Sep 26, 2026· 31m 16s· 6 players
Game mode
Random Map
Map size
Normal (6 player)
Population
200
Speed
Normal
Resources
Standard
Victory
Conquest
Starting age
Dark Age
Ending age
Imperial Age
RankedLock teamsTeams togetherTeam positionsShared explorationLock speedFull tech treeHidden civsTurbo modeCheats
Victory
Defeat
🇦🇷 Japanese · Argentina
1040
+11
🇦🇷 Poles · Argentina
951
+14
🇦🇷 Franks · Argentina
890
+19
🇳🇱 Spanish · Netherlands
927
-14
🇺🇸 Britons · United States
919
-14
🇺🇸 Teutons · United States
911
-14
Teblu
3:35 Loom
9:47 Feudal Age
10:17 Fishing Lines
10:43 Double-Bit Axe
13:55 Horse Collar
15:52 Wheelbarrow
21:07 Castle Age
20:16 Fletching
20:27 Padded Archer Armor
21:35 Crossbowman
21:57 Pikeman
22:37 Squires
26:07 Ballistics
26:41 Bodkin Arrow
Caillou
11:27 Loom
13:26 Feudal Age
15:52 Man-at-Arms
Nuttergirl96
6:14 Loom
10:39 Feudal Age
11:10 Double-Bit Axe
12:49 Horse Collar
Arquitecto3870
8:39 Loom
10:57 Feudal Age
11:38 Man-at-Arms
12:10 Double-Bit Axe
12:50 Arson
16:39 Fishing Lines
18:52 Scale Mail Armor
21:31 Forging
22:36 Gold Mining
22:37 Stone Mining
27:45 Castle Age
29:27 Iron Casting
29:08 Chain Mail Armor
28:41 Gambesons
28:57 Squires
28:18 Long Swordsman
Nacho091218
2:13 Loom
10:16 Feudal Age
11:21 Double-Bit Axe
17:48 Forging
17:47 Scale Barding Armor
23:33 Castle Age
24:52 Chain Barding Armor
25:54 Gold Mining
27:09 Husbandry
30:18 Iron Casting
Sosji6422
7:21 Loom
11:19 Feudal Age
11:45 Double-Bit Axe
17:46 Bloodlines
18:48 Forging
19:23 Scale Barding Armor
24:54 Castle Age
24:58 Horse Collar
25:11 Gold Mining
26:43 Light Cavalry
27:42 Husbandry
28:18 Iron Casting
28:05 Chain Barding Armor
28:07 Bow Saw
29:44 Chain Barding Armor
Connection lost

Rejoining the realm…

Still unreachable

The connection could not be restored.

Session expired

The server has moved on; the page needs a fresh start.